AoeStats
← [ExIT] Sawyer

Black Forest

509705849Analyzed
2v2 RM · 6d ago on Sep 27, 2026· 62m 0s· 4 players
Game mode
Random Map
Map size
Medium (4 player)
Population
200
Speed
Normal
Resources
Standard
Victory
Conquest
Starting age
Dark Age
Ending age
Imperial Age
RankedLock teamsTeams togetherTeam positionsShared explorationLock speedFull tech treeHidden civsTurbo modeCheats
Victory
Defeat
🇩🇪 Italians · Germany
1203
+14
🇩🇪 Danes · Germany
1182
+15
🇺🇸 Goths · United States
1163
-15
🇦🇷 Turks · Argentina
1139
-14
lordraiden36
0:51 Loom
11:22 Feudal Age
15:26 Castle Age
13:05 Man-at-Arms
13:39 Horse Collar
13:57 Double-Bit Axe
23:05 Wheelbarrow
22:15 Town Watch
27:53 Imperial Age
25:36 Masonry
24:54 Long Swordsman
25:35 Squires
25:43 Scale Mail Armor
26:29 Forging
27:18 Hand Cart
27:14 Heavy Plow
28:07 Iron Casting
27:48 Chain Mail Armor
28:03 Two-Handed Swordsman
29:48 Blast Furnace
29:46 Champion
31:59 Pikeman
33:34 Conscription
34:16 Crop Rotation
34:01 Bow Saw
36:29 Two-Man Saw
38:23 Perfusion
38:25 Anarchy
38:14 Halberdier
45:53 Elite Huskarl
55:40 Murder Holes
BP MonoSimon
1:54 Loom
11:29 Feudal Age
12:06 Double-Bit Axe
14:52 Horse Collar
19:16 Castle Age
20:24 Heavy Plow
22:36 Fletching
26:55 Imperial Age
28:26 Conscription
29:47 Ballistics
30:16 Caravan
33:05 Bloodlines
32:58 Husbandry
35:06 Forging
34:56 Scale Mail Armor
38:17 Scale Barding Armor
38:48 Iron Casting
44:13 Chain Mail Armor
44:26 Chain Barding Armor
45:07 Blast Furnace
44:11 Cavalier
48:25 Plate Barding Armor
50:38 Crossbowman
Ehrenkantee
3:03 Loom
12:16 Feudal Age
16:53 Castle Age
15:31 Horse Collar
15:43 Double-Bit Axe
18:57 Bow Saw
19:44 Wheelbarrow
24:23 Imperial Age
23:34 Ballistics
23:27 Masonry
26:45 Chemistry
28:01 Fletching
28:19 Scale Mail Armor
28:29 Forging
29:21 Chain Mail Armor
30:42 Two-Man Saw
30:24 Heavy Plow
31:00 Hand Cart
30:47 Town Watch
32:21 Iron Casting
34:39 Gold Mining
34:39 Stone Mining
34:22 Pikeman
36:49 Stone Shaft Mining
36:17 Town Patrol
36:26 Fletching
38:31 Conscription
38:48 Hoardings
38:32 Bodkin Arrow
40:40 Plate Mail Armor
40:05 Bodkin Arrow
43:40 Blast Furnace
44:14 Bracer
50:19 Caravan
53:02 Ballistics
53:15 Architecture
52:19 Elite Genoese Crossbowman
[ExIT] Sawyer
1:11 Loom
11:19 Feudal Age
15:40 Castle Age
13:56 Double-Bit Axe
14:08 Horse Collar
24:50 Bow Saw
26:25 Wheelbarrow
25:55 Heavy Plow
30:50 Imperial Age
28:06 Town Watch
28:24 Fletching
29:53 Ballistics
29:36 Bodkin Arrow
29:41 Padded Archer Armor
29:47 Scale Mail Armor
29:47 Gambesons
29:27 Man-at-Arms
30:28 Squires
30:13 Arson
30:42 Forging
30:54 Caravan
30:28 Long Swordsman
31:15 Two-Handed Swordsman
32:17 Champion
33:42 Masonry
34:17 Conscription
33:20 Hamask
34:44 Leather Archer Armor
35:21 Elite Jomsviking
38:09 Cranequins
40:10 Bracer
40:26 Chain Mail Armor
40:47 Iron Casting
40:28 Murder Holes
46:48 Chemistry
46:44 Scale Barding Armor
47:10 Ring Archer Armor
47:40 Blast Furnace
51:08 Plate Mail Armor
51:26 Bloodlines
51:17 Husbandry
51:30 Heavy Mounted Crossbowman
52:19 Thumb Ring
Connection lost

Rejoining the realm…

Still unreachable

The connection could not be restored.

Session expired

The server has moved on; the page needs a fresh start.